 Dungeon Crawl Stone Soup version 0.20.1-1-g8b1a95d (webtiles) character file.

52 KingStallion the Slasher (level 3, -2/30 HPs)
             Began as a Barachi Berserker on Nov 2, 2017.
             Was a Follower of Trog.
             Slain by an adder (3 damage)
             ... on level 2 of the Dungeon.
             The game lasted 00:02:29 (904 turns).

KingStallion the Slasher (Barachi Berserker)         Turns: 904, Time: 00:02:29

Health: -2/30      AC:  4    Str: 19    XL:     3   Next: 85%
Magic:  3/3        EV: 12    Int:  7    God:    Trog [*.....]
Gold:   52         SH:  0    Dex: 11    Spells: 2/2 levels left

rFire    . . .     SeeInvis .   a - +0 falchion
rCold    . . .     Gourm    .   (no shield)
rNeg     . . .     Faith    .   b - +0 animal skin
rPois    .         Spirit   .   l - +1 helmet
rElec    .         Reflect  .   (no cloak)
rCorr    .         Harm     .   (no gloves)
MR       .....                  (no boots)
Stlth    +.........             (no amulet)
Regen    0.1/turn               (no ring)
MPRegen  0.1/turn               (no ring)

@: lethally poisoned (-2 -> -7), berserk cooldown, slowed, very slow
A: +LOS, swims, slowness 1, strong legs 1
a: Hop, Berserk, Burn Spellbooks, Renounce Religion


You were on level 2 of the Dungeon.
You worshipped Trog.
Trog was aware of your devotion.
You were not hungry.

You visited 1 branch of the dungeon, and saw 2 of its levels.

You collected 52 gold pieces.

Inventory:

Hand Weapons
 a - a +0 falchion (weapon)
Armour
 b - a +0 animal skin (worn)
 l - a +1 helmet (worn)
Scrolls
 f - 2 scrolls of identify {unknown}
 i - a scroll of random uselessness {unknown}
 j - a scroll of teleportation {unknown}
 m - a scroll of recharging {unknown}
Potions
 g - a potion of ambrosia {unknown}
 h - a potion of haste {unknown}
 k - a potion of degeneration {unknown}
Comestibles
 c - a bread ration
 d - 7 chunks of flesh


   Skills:
 * Level 3.9 Fighting
 * Level 4.9 Long Blades
 * Level 3.0 Armour
 + Level 2.3 Dodging


You had 2 spell levels left.
You didn't know any spells.

Dungeon Overview and Level Annotations

Branches:
Dungeon (2/15)

Altars:


Innate Abilities, Weirdness & Mutations

Shadows flee at your approach. (+LOS)
You can swim through water.
You cover ground slowly.
You can hop short distances.


Message History

Trog accepts your kill.
You feel your anger subside.
You are no longer berserk.
You are exhausted.
You feel yourself slow down.
Things that are here:
an uncursed hunting sling; 11 stones; a goblin corpse The worm barely misses you.
You hit the worm.
The worm is lightly wounded.
The worm bites you but does no damage.
You hit the worm.
The worm is moderately wounded.
The adder bites you.
* * * LOW HITPOINT WARNING * * *
You are lethally poisoned!
The adder poisons you! The worm closely misses you.
You riposte.
You hit the worm.
The worm is moderately wounded.
The adder bites you.
You die...

##...####..#...##.##...#.......#.
.'......#..######.##...#.....(.#.
##.........# #.##...#.......#.
##...##....######.############.#.
.....##...........# #.#.
#....####.######### #.#.
#....####'##### #.#.
#.............##############.#.#.
#.........((..'w@S..(†...(...#.#.
..............##############.#.#.
##............# #.#.
#............######### #.#.
####.................# #.#'
#.................# #...
#...........g.....# #...
#########.........######.#...
#### #....................#...


You could see a worm and an adder.

Vanquished Creatures
  2 adders (D:2)
  An ooze (D:2)
  A worm (D:2)
  3 dart slugs (D:2)
  A giant cockroach (D:2)
  A goblin (D:2)
  A hobgoblin (D:2)
  3 kobolds (D:2)
  3 bats (D:2)
  3 frilled lizards (D:2)
  6 rats
25 creatures vanquished.

Notes
Turn   | Place    | Note
-------+----------+-------------------------------------------
     0 | D:1      | KingStallion the Barachi Berserker began the quest for the Orb.
     0 | D:1      | Reached XP level 1. HP: 18/18 MP: 1/1
    25 | D:1      | You fall through a shaft!
    44 | D:2      | Reached skill level 4 in Long Blades
    44 | D:2      | Reached XP level 2. HP: 5/25 MP: 2/2
   412 | D:2      | Reached XP level 3. HP: 22/30 MP: 3/3
   904 | D:2      | HP: 1/30 [adder (2)]
   904 | D:2      | Slain by an adder

Skill      XL: |  1  2  3 |
---------------+----------+-----
Long Blades    | 4 |  4.9
Armour         | 3 |  3.0
Fighting       | |  3.9
Dodging        | |  2.3

Action                   || total
-------------------------++-------
Melee: Falchion          ||    78
  Use: Potion            ||     1
Armor: Animal skin       ||    22
Dodge: Dodged            ||    58
       Rpst.: Falchion   ||    22
